 Dungeon Sprint DCSS version 0.18-a0-1057-g88203af (webtiles) character file.

800000 Enroth the Tortoise (level 11, -8/121 HPs)
             Began as a Deep Dwarf Fighter on Jan 12, 2016.
             Mangled by a bag of meat
             ... wielding a +9 war axe
              (26 damage)
             ... in the Dungeon (Sprint VIII: "Arena of Blood").
             The game lasted 00:01:03 (8 turns).

Enroth the Tortoise (Deep Dwarf Fighter)               Turns: 8, Time: 00:01:03

Health: -8/121     AC: 10    Str: 23    XL:     11   Next: 71%
Magic:  11/11      EV: 10    Int:  9    God:
Gold:   0          SH:  0    Dex: 12    Spells: 0 memorised, 10 levels left

rFire  . . .     SeeInvis .     m - +∞ Axe of Woe
rCold  . . .     Gourm    .     b - +0 scale mail
rNeg   . . .     Faith    .     (shield currently unavailable)
rPois  .         Spirit   .     (no helmet)
rElec  .         Dismiss  .     (no cloak)
rCorr  .         Reflect  .     (no gloves)
SustAt .         Harm     .     (no boots)
MR     +....     NoTele   +     (no amulet)
Stlth  ..........               (no ring)
                                (no ring)

@: non-regenerating, somewhat resistant to hostile enchantments, extremely
unstealthy
A: damage resistance, recharge devices, sense surroundings 2, slow regeneration
3
a: Device Recharging


You were in the Dungeon.
You were not hungry.

You visited 1 branch

Inventory:

Hand Weapons
 a - a +0 war axe
 m - the +∞ Axe of Woe (weapon)
   (You found it in the Dungeon)
Armour
 b - a +0 scale mail (worn)
 c - a +0 shield
Wands
 e - a wand of heal wounds (4/9)
Scrolls
 l - a scroll of blinking
Potions
 d - a potion of might
 g - a potion of curing
 h - a potion of heal wounds
 i - a potion of haste
 j - 2 potions of magic
 k - a potion of berserk rage
Comestibles
 f - a bread ration


   Skills:
 + Level 14.7 Fighting
 + Level 9.7 Axes
 + Level 17.9 Armour
 + Level 17.0 Shields


You had 10 spell levels left.
You didn't know any spells.

Dungeon Overview and Level Annotations

Branches:
Dungeon (1/1)

Altars:
Makhleb


Innate Abilities, Weirdness & Mutations

You are resistant to damage.
You can recharge devices by infusing magical energy.
You passively map the area around you.
You do not regenerate naturally.


Message History

You have reached level 9!
Your experience leads to an increase in your attributes!
Increase (S)trength, (I)ntelligence, or (D)exterity?
You feel stronger.
Your attunement to dungeon structure grows.
You have reached level 10!
You have reached level 11!
The meat berserker rages.
You hear a shout! x9
The meat berserker closely misses you.
A bag of meat comes into view. It is wielding a +9 war axe.
The bag of meat shouts!
A bag of meat comes into view. It is wielding a +9 war axe.
Evoke which item? (* to show all) (? for menu, Esc to quit)
Zapping:
e - a wand of heal wounds (5/9)
Press: ? - help, Shift-Dir - straight line, f - you You feel much better.
This wand has 4 charges left.
The bag of meat shouts!
You hear a shout! x3
The bag of meat hits you with a +9 war axe!!
You die...

, , , ,,, ,, ,
, , , , .., ,..
, , , #. ,.# ,
,, ,, ,, , ,
,#.. ..# , ,, ,
,,,.###..
..###. , , ,
.o....###......
, ,, ,,, ,
....._o.o.., *
,,, #.)...# , *
,, ,,#_O@._# ,
, ,,, * , ,,
#...o.#,,,,,, ,
..oo._.o..., ,
, , ,,
......###o.....
, , .###..
,..###O , , ,
#.. ,..# , ,#.
,, .#, , ,,, *
, , .. o. , ,,,
, , , , , , ,


You could see 2 meat berserkers and 9 bags of meat.

Vanquished Creatures
  An orc (D)
1 creature vanquished.

Notes
Turn   | Place    | Note
--------------------------------------------------------------
     0 | D        | Enroth the Deep Dwarf Fighter began the quest for the Orb.
     0 | D        | Reached XP level 1. HP: 20/20 MP: 1/1
     2 | D        | Noticed a bag of meat
     2 | D        | Noticed a bag of meat
     3 | D        | Noticed a bag of meat
     3 | D        | Noticed a bag of meat
     3 | D        | Noticed a bag of meat
     4 | D        | Noticed a bag of meat
     4 | D        | Noticed a meat berserker
     5 | D        | Noticed a bag of meat
     5 | D        | Noticed a bag of meat
     6 | D        | Noticed a bag of meat
     7 | D        | Killed a bag of meat
     7 | D        | Reached skill level 14 in Fighting
     7 | D        | Reached skill level 17 in Armour
     7 | D        | Reached XP level 2. HP: 2/51 MP: 2/2
     7 | D        | Reached XP level 3. HP: 2/58 MP: 3/3
     7 | D        | Reached XP level 4. HP: 2/67 MP: 4/4
     7 | D        | Reached XP level 5. HP: 2/74 MP: 5/5
     7 | D        | Reached XP level 6. HP: 2/82 MP: 6/6
     7 | D        | Reached XP level 7. HP: 2/90 MP: 7/7
     7 | D        | Reached XP level 8. HP: 2/98 MP: 8/8
     7 | D        | Gained mutation: You passively map the area around you. [Deep Dwarf growth]
     7 | D        | Reached XP level 9. HP: 2/105 MP: 9/9
     7 | D        | Reached XP level 10. HP: 2/114 MP: 10/10
     7 | D        | Reached XP level 11. HP: 2/121 MP: 11/11
     7 | D        | Noticed a bag of meat
     8 | D        | Noticed a bag of meat
     8 | D        | Mangled by a bag of meat

Vault maps used:
D:        meatsprint

Action                   |  1- 3 |  4- 6 |  7- 9 | 10-12 || total
-------------------------+-------+-------+-------+-------++-------
Melee: Executioner's axe |     1 |       |       |       ||     1
Evoke: Wand              |       |       |       |     1 ||     1
